 Dungeon Crawl Stone Soup version 0.23-a0-32-g1388f29 (webtiles) character file.

235 SeniorJSONDeveloper the Grave Robber (level 5, -2/42 HPs)
             Began as a Draconian Necromancer on Aug 4, 2018.
             Slain by an ogre
             ... wielding a +0 giant club
              (26 damage)
             ... on level 4 of the Dungeon.
             The game lasted 00:07:39 (3517 turns).

SeniorJSONDeveloper the Grave Robber (DrNe)         Turns: 3517, Time: 00:07:40

Health: -2/42      AC:  9    Str: 11    XL:     5   Next: 76%
Magic:  9/9        EV: 12    Int: 16    God:
Gold:   211        SH:  3    Dex: 11    Spells: 8/9 levels left

rFire    . . .     SeeInvis .   c - +1 spear
rCold    . . .     Gourm    .   l - +0 buckler
rNeg     . . .     Faith    .   (armour unavailable)
rPois    .         Spirit   .   (helmet restricted)
rElec    .         Reflect  .   (no cloak)
rCorr    .         Harm     .   o - +0 pair of gloves
MR       .....                  m - +2 pair of boots {Fly}
Stlth    ++........             (no amulet)
HPRegen  0.14/turn              (no ring)
MPRegen  0.11/turn              (no ring)

@: flying
A: unfitting armour, cold-blooded, AC +5
a: Stop Flying


You were on level 4 of the Dungeon.
You were not hungry.

You visited 1 branch of the dungeon, and saw 4 of its levels.

You collected 211 gold pieces.

Inventory:

Hand Weapons
 c - a +1 spear (weapon)
Armour
 l - a +0 buckler (worn)
 m - a +2 pair of boots of flying (worn)
 o - a +0 pair of gloves (worn)
Scrolls
 f - 2 scrolls of magic mapping
 h - a scroll of teleportation
 i - a scroll of enchant weapon
 j - 2 scrolls of fog {unknown}
 k - 3 scrolls of identify
 p - 3 scrolls of noise {unknown}
 r - a scroll of remove curse {unknown}
Potions
 a - 2 potions of might
 e - 3 potions of curing
 g - a potion of mutation
 n - a potion of degeneration {unknown}
Comestibles
 b - 7 rations
 d - 3 chunks of flesh


   Skills:
 + Level 2.3 Fighting
 + Level 1.7 Polearms
 + Level 2.5 Dodging
 + Level 2.8 Stealth
 + Level 1.5 Shields
 + Level 2.9 Spellcasting
 + Level 4.5 Necromancy


You had 8 spell levels left.
You knew the following spells:

 Your Spells              Type           Power        Failure   Level  Hunger
a - Pain                  Necr           ###.         4%          1    #......

Your spell library contained the following spells:

 Spells                   Type           Power        Failure   Level  Hunger
 Animate Dead             Necr           N/A          38%         4    #####..
 Animate Skeleton         Necr           N/A          4%          1    #......
 Vampiric Draining        Necr           ###.......   12%         3    ###....
 Regeneration             Chrm/Necr      #.........   30%         3    ###....


Dungeon Overview and Level Annotations

Branches:
Dungeon (4/15)
 Temple: D:4-7

Altars:
Ashenzari
Dithmenos
Hepliaklqana
Makhleb
Ru
Vehumet
Zin
The Shining One


Innate Abilities, Weirdness & Mutations

Your plain brown scales are hard. (AC +5)
You cannot fit into any form of body armour.
You are cold-blooded and may be slowed by cold attacks.


Message History

You hit the ogre.
Your tail-slap misses the ogre.
The ogre is moderately wounded.
The ogre barely misses you.
You hit the ogre.
You tail-slap the ogre, but do no damage.
The ogre is heavily wounded.
The ogre barely misses you.
You hit the ogre.
The ogre is heavily wounded.
The ogre hits you with a giant club.
You hit the ogre.
The ogre is severely wounded.
The ogre hits you with a giant club!
You hit the ogre.
The ogre is severely wounded.
You hit the ogre.
The ogre is severely wounded.
The ogre hits you with a giant club!!
Ouch! That really hurt!
You die...

........... #....#..
.#.........#####.#....# .
....................##
#.##......?.........)...
#...........########..##
....###.#.........# ##.....##
................>.####..#####
.......................##
............O@...#######
................##
#..........#...... ####
#!.........#...##... #....
#..$...#####...# ## .....
#.....l.<....... .....
........########## #....
##.....## #.... #..... #....


You could see an ogre.

Vanquished Creatures
  A hound (D:4)
  A centaur skeleton (D:4)
  An iguana (D:4)
  A worker ant (D:4)
  2 adders
  An ooze (D:4)
  2 worms
  A dart slug (D:3)
  A leopard gecko (D:3)
  8 orcs
  2 giant cockroaches
  10 goblins
  7 hobgoblins
  14 jackals
  6 kobolds
  4 quokkas
  7 bats
  3 frilled lizards
  8 rats
80 creatures vanquished.

Notes
Turn   | Place    | Note
-------+----------+-------------------------------------------
     0 | D:1      | SeniorJSONDeveloper the Draconian Necromancer began the quest for the Orb.
     0 | D:1      | Reached XP level 1. HP: 14/14 MP: 3/3
   344 | D:1      | Reached XP level 2. HP: 22/22 MP: 5/5
   493 | D:1      | Reached skill level 1 in Fighting
  1079 | D:1      | Reached XP level 3. HP: 28/28 MP: 6/6
  1569 | D:2      | Found a shattered altar of Ashenzari.
  1723 | D:2      | Found a sacrificial altar of Ru.
  1723 | D:2      | Found a glowing silver altar of Zin.
  1723 | D:2      | Found a glowing golden altar of the Shining One.
  1792 | D:2      | Reached skill level 1 in Polearms
  1900 | D:2      | Reached XP level 4. HP: 31/35 MP: 4/7
  2015 | D:3      | Found a hazy altar of Hepliaklqana.
  2083 | D:3      | Found a burning altar of Makhleb.
  2506 | D:3      | Noticed an ice beast
  3053 | D:3      | Found a radiant altar of Vehumet.
  3157 | D:4      | Reached skill level 1 in Shields
  3157 | D:4      | Reached XP level 5. HP: 41/41 MP: 7/9
  3162 | D:4      | Noticed an ogre
  3210 | D:4      | Found a shadowy altar of Dithmenos.
  3517 | D:4      | Slain by an ogre

Vault maps used:
D:1:      dpeg_arrival_castle, roderic_cross_of_infinity
D:2:      evilmike_ruin_ashenzari, minitemple
D:3:      lemuel_crystal_altar, marbit_many_paths, vehumet_crystals,
          amethyst_killhole
D:4:      lemuel_crystal_altar, grunt_dithmenos_smoke, uniq_ijyb

Skill      XL: |  1  2  3  4 |
---------------+-------------+-----
Stealth        | 2 |  2.8
Fighting       | 1 2 |  2.3
Dodging        | 2 |  2.5
Polearms       | 1 |  1.7
Shields        | 1 |  1.5
Spellcasting   | |  2.9
Necromancy     | |  4.5

Action                   |  1- 3 |  4- 6 || total
-------------------------+-------+-------++-------
Melee: Spear             |   134 |   136 ||   270
       Tailslap          |     6 |    12 ||    18
 Cast: Pain              |    36 |    28 ||    64
  Use: Scroll            |       |     8 ||     8
       Potion            |       |     1 ||     1
 Stab: Sleeping          |     4 |     6 ||    10
       Distracted        |     1 |       ||     1
  Eat: Chunk             |     4 |     5 ||     9
Armor: Skin              |    60 |    34 ||    94
Dodge: Dodged            |   112 |    61 ||   173
Block: Buckler           |    15 |    14 ||    29

Table legend:
 A = Spawn XP
 B = Non-spawn XP
 C = Spawn XP percentage of total XP
 D = Spawn monster count
 E = Non-spawn monster count
 F = Spawn count percentage of total count
 G = Total turns spent on level
                    A         B        C        D         E        F      G
               +---------+---------+-------+---------+---------+-------+---------
         Total |       0 |     336 |   0.0 |       0 |      80 |   0.0 |  3517
               +---------+---------+-------+---------+---------+-------+---------
           D:1 |       0 |      49 |   0.0 |       0 |      24 |   0.0 |  1148
           D:2 |       0 |      51 |   0.0 |       0 |      21 |   0.0 |  1066
           D:3 |       0 |      65 |   0.0 |       0 |      26 |   0.0 |   964
           D:4 |       0 |     171 |   0.0 |       0 |       9 |   0.0 |   339
               +---------+---------+-------+---------+---------+-------+---------
